 Dungeon Crawl Stone Soup version 0.32-a0-560-g4c7f4391e0 (webtiles) character file.

Game seed: 11944030209085077182

11 lunkers the Sneak (level 2, -3/22 HPs)
             Began as a Coglin Brigand on Feb 29, 2024.
             Slain by a ribbon worm (6 damage)
             ... on level 2 of the Dungeon.
             The game lasted 00:00:31 (1016 turns).

lunkers the Sneak (Coglin Brigand)                  Turns: 1016, Time: 00:00:32

Health: -3/22      AC:  4    Str: 11    XL:     2   Next: 25%
Magic:  2/2        EV: 11    Int: 10    God:
Gold:   25         SH:  0    Dex: 15    Spells: 1/1 levels left

rFire   . . .        a - +2 dagger {Ælfthryth}
rCold   . . .        (no shield)
rNeg    . . .        b - +0 robe
rPois   .            (no helmet)
rElec   .            c - +0 cloak
rCorr   .            i - +0 pair of gloves
SInv    .            (no boots)
Will    .....        (amulet unavailable)
Stlth   ++           (ring unavailable)
HPRegen 0.23/turn    (ring unavailable)
MPRegen 0.08/turn    (no gizmo)

%: no passive effects
@: revved
A: off-hand wielding, slow wielding, warmup strikes, no jewelry
a: Invent Gizmo


You were on level 2 of the Dungeon.
You visited 1 branch of the dungeon, and saw 2 of its levels.

You collected 25 gold pieces.

Inventory:

Hand Weapons
 a - a +2 dagger (weapon) {Ælfthryth}
Missiles
 d - 9 poisoned darts
 e - 3 curare-tipped darts
Armour
 b - a +0 robe (worn)
 c - a +0 cloak (worn)
 i - a +0 pair of gloves (worn)
Scrolls
 g - a scroll of enchant weapon {unknown}
 h - a scroll of teleportation {unknown}
 j - a scroll of identify {unknown}
Potions
 f - a potion of attraction {unknown}
 k - a potion of cancellation {unknown}
 l - a potion of curing {unknown}
 m - a potion of lignification {unknown}


   Skills:
 - Level 2.0 Fighting
 + Level 2.6 Short Blades
 - Level 1.7 Throwing
 - Level 0.8 Dodging
 - Level 3.2 Stealth


You had one spell level left.
You didn't know any spells.
Your spell library was empty.

Dungeon Overview and Level Annotations

Branches:
Dungeon (2/15)

Altars:

Annotations:
D:1 2 transporters


Innate Abilities, Weirdness & Mutations

You can wield a second weapon in your off-hand.
It takes a long time for you to wield or remove held weapons.
Your first few attacks do less damage.
You cannot equip rings or amulets.


Message History

The rat bites you. The ribbon worm bites you.
You hit the ribbon worm.
The ribbon worm is heavily wounded.
The rat bites you.
You hit the ribbon worm but do no damage.
The ribbon worm is heavily wounded.
The ribbon worm expels a string of sticky webbing.
The stream of webbing hits you but does no damage.
You are caught in a web!
The rat bites you but does no damage.
You are caught in a web!
You are caught in a web!
You are caught in a web!
You are caught in a web!
You are caught in a web!
You are caught in a web!
There are monsters nearby!
There are monsters nearby!
Unknown command.
The web tears apart.
The ribbon worm bites you.
* * * LOW HITPOINT WARNING * * *
The rat bites you.
* * * LOW HITPOINT WARNING * * *
You hit the ribbon worm.
The ribbon worm is heavily wounded.
The ribbon worm bites you but does no damage.
The rat bites you but does no damage.
Unknown command.
You hit the ribbon worm but do no damage.
The ribbon worm is heavily wounded.
Unknown command.
You barely miss the ribbon worm.
The ribbon worm is heavily wounded.
The rat bites you.
* * * LOW HITPOINT WARNING * * *
The ribbon worm bites you.
* * * LOW HITPOINT WARNING * * *
You hit the ribbon worm.
The ribbon worm is heavily wounded.
The rat bites you but does no damage. The ribbon worm bites you.
You die...

#.......<#
#........#
#........#
#........##.
#............
#..........##
#..........#
#..###.###..#
#@## .... ....
#rw.......####
..####...##
...# ..# .....
...... .......
#........


You could see a ribbon worm (catching breath) and a rat.

Vanquished Creatures
  An endoplasm (D:1)
  2 goblins (D:1)
  2 hobgoblins (D:1)
  2 kobolds (D:1)
  A bat (D:1)
  2 rats (D:1)
10 creatures vanquished.

Notes
Turn   | Place    | Note
-------+----------+-------------------------------------------
     0 | D:1      | lunkers the Coglin Brigand began the quest for the Orb.
     0 | D:1      | Reached XP level 1. HP: 16/16 MP: 1/1
   325 | D:1      | Reached XP level 2. HP: 22/22 MP: 2/2
  1016 | D:2      | Slain by a ribbon worm

Illustrated notes

Levels and vault maps discovered:
D:1:      spicycebolla_arrival_transporter_tutorial, layout_loops_corners
D:2:      layout_rooms, shapermc_ecumenical_altar_acropolis, uniq_sigmund

Skill      XL: |  1 |
---------------+----+-----
Short Blades   | 2 |  2.6
Fighting       | |  2.0
Throwing       | |  1.7
Dodging        | |  0.8
Stealth        | |  3.2

Action                     || total
---------------------------++-------
  Melee: Dagger            ||    28
   Stab: Sleeping          ||     4
 Armour: Robe              ||    19
  Dodge: Dodged            ||     8

Table legend: (Time is in decaauts)
 A = Elapsed time spent in this place.
 B = Non-inter-level travel time spent in this place.
 C = Inter-level travel time spent in this place.
 D = Time resting spent in this place.
 E = Time spent auto-exploring this place.
 F = Levels seen in this place.
 G = Mean time per level.
                   A        B        C        D        E       F      G
               +--------+--------+--------+--------+--------+-----+--------+
         Total |   1014 |    958 |     56 |      0 |    862 |   2 |  507.0 |
       Dungeon |   1014 |    958 |     56 |      0 |    862 |   2 |  507.0 |
               +--------+--------+--------+--------+--------+-----+--------+

Top non-repeatable levels by time:
     D:1: 996 daAuts
     D:2: 17 daAuts
